 Dungeon Crawl Stone Soup version 0.26.1-11-gd32895ea62 (webtiles) character file.

Game seed: 1986804253284665740

181 dtburroughs the Chopper (level 5, -6/47 HPs)
             Began as a Minotaur Berserker on July 1, 2021.
             Was a Believer of Trog.
             Mangled by an ogre
             ... wielding a +0 giant club
              (21 damage)
             ... on level 4 of the Dungeon.
             The game lasted 00:03:42 (3047 turns).

dtburroughs the Chopper (Minotaur Berserker)        Turns: 3047, Time: 00:03:42

Health: -6/47      AC:  7    Str: 22    XL:     5   Next: 34%
Magic:  4/4        EV:  8    Int:  5    God:    Trog [**....]
Gold:   130        SH:  7    Dex:  9    Spells: 4/4 levels left

rFire    . . .     SeeInvis .   a - +0 hand axe
rCold    . . .     Faith    .   s - +0 kite shield
rNeg     . . .     Spirit   .   k - +0 scale mail
rPois    .         Reflect  .   (helmet restricted)
rElec    .         Harm     .   (no cloak)
rCorr    +         Rampage  .   (no gloves)
Will     .....                  (no boots)
Stlth    ..........             (no amulet)
HPRegen  0.15/turn              h - ring of resist corrosion
MPRegen  0.09/turn              (no ring)

@: no status effects
A: retaliatory headbutt, horns 2
a: Renounce Religion, Berserk, Trog's Hand


You were on level 4 of the Dungeon.
You worshipped Trog.
Trog was pleased with you.
You visited 1 branch of the dungeon, and saw 4 of its levels.

You collected 130 gold pieces.

Inventory:

Hand Weapons
 a - a +0 hand axe (weapon)
Armour
 k - a +0 scale mail (worn)
 s - a +0 kite shield (worn)
Jewellery
 h - a ring of resist corrosion (left hand)
Scrolls
 c - a scroll of teleportation {unknown}
 d - 4 scrolls of remove curse {unknown}
 f - a scroll of immolation {unknown}
 i - 5 scrolls of identify {unknown}
 j - 3 scrolls of amnesia {unknown}
 l - 2 scrolls of magic mapping {unknown}
 m - a scroll of fog {unknown}
 n - 3 scrolls of enchant weapon {unknown}
 o - a scroll of blinking {unknown}
Potions
 e - 2 potions of lignification {unknown}
 g - a potion of brilliance {unknown}
 p - a potion of curing {unknown}
 q - a potion of haste {unknown}
 r - a potion of heal wounds {unknown}


   Skills:
 + Level 4.8 Fighting
 + Level 4.8 Axes
 + Level 4.0 Armour
 + Level 3.5 Dodging


You had 4 spell levels left.
You didn't know any spells.
Your spell library was empty.

Dungeon Overview and Level Annotations

Branches:
Dungeon (4/15)
 Temple: D:4-7

Altars:
Ashenzari
Cheibriados
Hepliaklqana
Kikubaaqudgha
Nemelex Xobeh


Innate Abilities, Weirdness & Mutations

You reflexively headbutt those who attack you in melee.
You have a pair of horns on your head.


Message History

The ogre is moderately wounded.
You closely miss the quokka. The ogre hits you with a +0 giant club.
You block the quokka's attack.
You slash the ogre!
The ogre is heavily wounded.
You miss the quokka. The quokka barely misses you. You furiously retaliate!
You headbutt the quokka!
You kill the quokka!
Trog accepts your kill.
The ogre hits you with a +0 giant club!!
You hit the ogre.
The ogre is severely wounded.
The ogre barely misses you. You furiously retaliate!
You headbutt the ogre. You barely miss the ogre.
The ogre is almost dead.
The ogre hits you with a +0 giant club!
You hit the ogre. You headbutt the ogre.
The ogre is almost dead.
The ogre hits you with a +0 giant club!!
You die...

#.............
#......!......
#............#
#............
##..........#
#...........#
............#
.......@†.#
.......O..#
........$..(.
..............[
..........###..
#.........# .
..........#
..........#


You could see an ogre.

Vanquished Creatures
  7 gnolls
  3 adders
  2 oozes (D:2)
  5 worms
  A dart slug (D:2)
  2 leopard geckos (D:3)
  2 ball pythons
  5 bats
  2 giant cockroaches
  10 goblins
  3 hobgoblins
  4 jackals (D:2)
  A quokka (D:4)
  2 frilled lizards
  5 kobolds
  9 rats
63 creatures vanquished.

Vanquished Creatures (others)
  4 withered plants (D:2)
4 creatures vanquished.

Grand Total: 67 creatures vanquished

Notes
Turn   | Place    | Note
-------+----------+-------------------------------------------
     0 | D:1      | dtburroughs the Minotaur Berserker began the quest for the
                  | Orb.
     0 | D:1      | Reached XP level 1. HP: 19/19 MP: 0/0
   157 | D:1      | Reached XP level 2. HP: 22/27 MP: 1/1
   781 | D:2      | Reached XP level 3. HP: 22/33 MP: 2/2
  1194 | D:2      | Reached XP level 4. HP: 9/41 MP: 3/3
  1531 | D:2      | Found an ancient bone altar of Kikubaaqudgha.
  1564 | D:2      | Reached ** piety under Trog
  1664 | D:2      | Found a broken altar of Ashenzari.
  1664 | D:2      | Found a snail-covered altar of Cheibriados.
  1665 | D:2      | Found a hazy altar of Hepliaklqana.
  1856 | D:2      | Reached XP level 5. HP: 12/47 MP: 4/4
  2465 | D:3      | Found a sparkling altar of Nemelex Xobeh.
  2753 | D:3      | Found a broken altar of Ashenzari.
  2757 | D:3      | Saw a vision of the Shoals and the Spider Nest.
  2757 | D:3      | Noticed a wind drake
  2757 | D:3      | Noticed a wind drake
  2757 | D:3      | Noticed a merfolk siren
  2757 | D:3      | Noticed a merfolk siren
  2757 | D:3      | Noticed a centaur
  2757 | D:3      | Noticed a merfolk
  2757 | D:3      | Noticed a wind drake
  2757 | D:3      | Noticed a sea snake
  2757 | D:3      | Noticed a wind drake
  2757 | D:3      | Noticed a redback
  2757 | D:3      | Noticed a merfolk
  2758 | D:3      | Noticed a merfolk
  2758 | D:3      | Noticed a wolf spider
  3035 | D:4      | Noticed an ogre
  3047 | D:4      | Mangled by an ogre

Illustrated notes

Levels and vault maps discovered:
D:1:      erik_arrival_orb_chamber, layout_basic
D:2:      layout_rooms, kiku_gazebo_garden_becter,
          gammafunk_temple_overflow_forgotten
D:3:      layout_loops_ring, nicolae_overflow_crystal_walls,
          grunt_ashenzari_visionary [grunt_ashenzari_visionary_shoals,
          grunt_ashenzari_visionary_spider]
D:4:      layout_rooms, lemuel_round_altar, nicolae_ru_sacrificial_ziggurat,
          vehumet_statue, uniq_duvessa, uniq_sigmund

Skill      XL: |  1  2  3  4  5 |
---------------+----------------+-----
Axes           | 4 |  4.8
Fighting       | 4 |  4.8
Armour         | 3 4 |  4.0
Dodging        | 3 |  3.5

Action                   |  1- 3 |  4- 6 || total
-------------------------+-------+-------++-------
Melee: Hand axe          |    52 |    76 ||   128
       Headbutt          |    11 |    15 ||    26
Invok: Berserk           |       |     1 ||     1
Armor: Animal skin       |    10 |    16 ||    26
       Scale mail        |       |     2 ||     2
Dodge: Dodged            |    41 |    58 ||    99
Block: Kite shield       |       |     1 ||     1
